[ PARTIDA AOE2 · #506730330 ]
UnrankedMagiares vs Vietnamese
Equipo del jugador · VICT
[ ANÁLISIS DE REPETICIÓN · EXTRAÍDO DE LA PARTIDA GRABADA ]
Feudal
9:19
Castillos
21:51
Imperial
36:15
| APM promedio | 71.8 |
| APM pico | 119 |
| eAPM promedio | 35.2 |
| Aldeanos / militares | 276 / 660 |
Foco
⚔️ 48.5% · 🌾 51.5%
Magyar Huszar ×378 · Cavalry Archer ×235 · Knight ×12 · Skirmisher ×12 · Trebuchet (Packed) ×11 · Scout Cavalry ×8
Feudal
10:37
Castillos
21:12
Imperial
36:37
| APM promedio | 44.8 |
| APM pico | 79 |
| eAPM promedio | 32.3 |
| Aldeanos / militares | 257 / 729 |
Foco
⚔️ 49.3% · 🌾 50.7%
Skirmisher ×371 · Fire Lancer ×172 · Spearman ×147 · Archer ×11 · Trebuchet (Packed) ×11 · Monk ×5
Mapa de la partida
Recursos iniciales + cada clic de construcción. Líneas = muros · curvas = relieve. ◆ oro · ⬟ piedra · ● bayas · ✦ reliquia · ◌ hueco del cierre
Tu base· ✓ Cerrada en 21:51 · 73t muro · 1 puerta(s)
Base de washed_king· Abierta — el rival se encerró
Terreno inicial suavizado · ◌ = hueco del cierre detectado · pasá el cursor para detalles
Inputs por minuto
— SnowyP - - washed_king
Build order — SnowyP
Primeras 150 de 1070 acciones detectadas
| 0:00 | Crear | Villager (Male) |
| 0:00 | Crear | Villager (Male) |
| 0:01 | Construir | House |
| 0:02 | Construir | House |
| 0:22 | Crear | Villager (Male) |
| 0:28 | Crear | Villager (Male) |
| 0:28 | Crear | Villager (Male) |
| 1:15 | Crear | Villager (Male) |
| 1:59 | Crear | Villager (Male) |
| 2:08 | Crear | Villager (Male) |
| 2:40 | Crear | Villager (Male) |
| 2:46 | Construir | Lumber Camp |
| 2:58 | Crear | Villager (Male) |
| 2:58 | Crear | Villager (Male) |
| 3:15 | Construir | House |
| 3:19 | Crear | Villager (Male) |
| 3:38 | Crear | Villager (Male) |
| 3:38 | Crear | Villager (Male) |
| 4:07 | Crear | Villager (Male) |
| 4:30 | Crear | Villager (Male) |
| 4:30 | Crear | Villager (Male) |
| 4:35 | Crear | Villager (Male) |
| 5:35 | Construir | Mill |
| 5:40 | Crear | Villager (Male) |
| 5:53 | Crear | Villager (Male) |
| 5:58 | Investigar | Loom |
| 6:13 | Crear | Villager (Male) |
| 7:09 | Investigar | Feudal Age |
| 7:53 | Crear | Villager (Male) |
| 8:05 | Construir | House |
| 8:19 | Construir | Barracks |
| 8:48 | Crear | Villager (Male) |
| 9:19 | Edad | Edad Feudal |
| 9:20 | Construir | Stable |
| 9:23 | Investigar | Double-Bit Axe |
| 9:25 | Crear | Villager (Male) |
| 9:34 | Crear | Villager (Male) |
| 9:38 | Crear | Villager (Male) |
| 10:02 | Crear | Scout Cavalry |
| 10:02 | Crear | Scout Cavalry |
| 10:03 | Crear | Scout Cavalry |
| 10:05 | Construir | Mill |
| 10:19 | Construir | House |
| 10:21 | Construir | House |
| 10:28 | Construir | Farm |
| 10:29 | Crear | Villager (Male) |
| 10:29 | Crear | Villager (Male) |
| 10:31 | Crear | Scout Cavalry |
| 10:36 | Crear | Villager (Male) |
| 10:47 | Crear | Villager (Male) |
| 10:49 | Construir | House |
| 10:52 | Construir | House |
| 10:53 | Crear | Scout Cavalry |
| 10:54 | Crear | Scout Cavalry |
| 10:55 | Crear | Villager (Male) |
| 11:03 | Construir | Palisade Wall |
| 11:15 | Construir | Lumber Camp |
| 11:15 | Crear | Villager (Male) |
| 11:18 | Construir | House |
| 11:19 | Construir | Palisade Wall |
| 11:27 | Crear | Villager (Male) |
| 11:34 | Construir | Farm |
| 11:49 | Construir | House |
| 11:59 | Crear | Villager (Male) |
| 12:09 | Construir | Farm |
| 12:11 | Construir | Farm |
| 12:19 | Construir | Farm |
| 12:20 | Crear | Villager (Male) |
| 12:25 | Construir | Palisade Wall |
| 12:29 | Crear | Scout Cavalry |
| 12:38 | Crear | Villager (Male) |
| 12:47 | Construir | Palisade Wall |
| 12:48 | Construir | Palisade Wall |
| 13:03 | Construir | Archery Range |
| 13:04 | Crear | Villager (Male) |
| 13:17 | Construir | Farm |
| 13:18 | Crear | Villager (Male) |
| 13:23 | Construir | Palisade Wall |
| 13:30 | Construir | Palisade Wall |
| 13:34 | Crear | Villager (Male) |
| 13:34 | Crear | Villager (Male) |
| 13:42 | Crear | Villager (Male) |
| 13:53 | Crear | Villager (Male) |
| 13:56 | Construir | Farm |
| 13:57 | Construir | Farm |
| 13:58 | Crear | Villager (Male) |
| 14:06 | Crear | Villager (Male) |
| 14:10 | Crear | Villager (Male) |
| 14:12 | Construir | Farm |
| 14:12 | Crear | Villager (Male) |
| 14:20 | Crear | Villager (Male) |
| 14:33 | Construir | Palisade Gate |
| 15:01 | Crear | Villager (Male) |
| 15:03 | Crear | Skirmisher |
| 15:03 | Crear | Skirmisher |
| 15:06 | Construir | Mining Camp |
| 15:10 | Crear | Villager (Male) |
| 15:15 | Investigar | Horse Collar |
| 15:19 | Construir | Farm |
| 15:21 | Construir | House |
| 15:29 | Crear | Villager (Male) |
| 15:32 | Crear | Villager (Male) |
| 15:34 | Crear | Villager (Male) |
| 15:39 | Construir | House |
| 15:40 | Crear | Villager (Male) |
| 15:48 | Crear | Skirmisher |
| 15:49 | Crear | Skirmisher |
| 15:58 | Investigar | Wheelbarrow |
| 16:01 | Construir | Farm |
| 16:25 | Crear | Villager (Male) |
| 16:36 | Construir | Blacksmith |
| 16:40 | Crear | Villager (Male) |
| 16:43 | Construir | Farm |
| 16:49 | Crear | Skirmisher |
| 17:07 | Construir | Farm |
| 17:28 | Investigar | Fletching |
| 17:28 | Crear | Villager (Male) |
| 17:30 | Crear | Skirmisher |
| 17:36 | Crear | Villager (Male) |
| 17:47 | Crear | Villager (Male) |
| 17:50 | Crear | Villager (Male) |
| 17:53 | Construir | Farm |
| 17:55 | Crear | Villager (Male) |
| 17:58 | Construir | Farm |
| 18:16 | Crear | Villager (Male) |
| 18:38 | Construir | Farm |
| 18:39 | Crear | Villager (Male) |
| 18:51 | Construir | Farm |
| 19:11 | Investigar | Castle Age |
| 19:21 | Construir | Archery Range |
| 19:30 | Investigar | Padded Archer Armor |
| 19:41 | Crear | Villager (Male) |
| 20:11 | Crear | Villager (Male) |
| 20:20 | Crear | Villager (Male) |
| 20:23 | Investigar | Gold Mining |
| 20:37 | Crear | Villager (Male) |
| 20:39 | Crear | Skirmisher |
| 20:39 | Crear | Skirmisher |
| 20:39 | Crear | Skirmisher |
| 21:10 | Crear | Villager (Male) |
| 21:24 | Crear | Skirmisher |
| 21:25 | Crear | Skirmisher |
| 21:25 | Crear | Skirmisher |
| 21:46 | Crear | Villager (Male) |
| 21:51 | Edad | Edad de los Castillos |
| 21:56 | Crear | Cavalry Archer |
| 21:56 | Crear | Cavalry Archer |
| 21:56 | Crear | Cavalry Archer |
| 21:56 | Crear | Cavalry Archer |
| 22:02 | Investigar | Bodkin Arrow |
Build order — washed_king
Primeras 150 de 878 acciones detectadas
| 0:00 | Crear | Villager (Male) |
| 0:01 | Crear | Villager (Male) |
| 0:01 | Crear | Villager (Male) |
| 0:02 | Construir | House |
| 0:03 | Construir | House |
| 0:16 | Crear | Villager (Male) |
| 1:25 | Crear | Villager (Male) |
| 1:49 | Crear | Villager (Male) |
| 1:49 | Crear | Villager (Male) |
| 2:11 | Crear | Villager (Male) |
| 2:25 | Construir | Lumber Camp |
| 2:41 | Crear | Villager (Male) |
| 2:53 | Crear | Villager (Male) |
| 3:27 | Crear | Villager (Male) |
| 3:51 | Construir | House |
| 3:55 | Crear | Villager (Male) |
| 3:56 | Crear | Villager (Male) |
| 4:21 | Crear | Villager (Male) |
| 4:21 | Crear | Villager (Male) |
| 4:43 | Crear | Villager (Male) |
| 4:47 | Construir | Barracks |
| 5:09 | Crear | Villager (Male) |
| 5:45 | Crear | Militia |
| 5:45 | Crear | Militia |
| 5:45 | Crear | Militia |
| 5:49 | Crear | Villager (Male) |
| 5:50 | Crear | Villager (Male) |
| 6:09 | Construir | House |
| 6:12 | Investigar | Loom |
| 6:43 | Crear | Villager (Male) |
| 6:43 | Crear | Villager (Male) |
| 6:44 | Crear | Villager (Male) |
| 7:51 | Construir | Mill |
| 7:56 | Crear | Villager (Male) |
| 8:27 | Investigar | Feudal Age |
| 8:34 | Construir | Lumber Camp |
| 8:51 | Construir | House |
| 8:59 | Construir | Palisade Wall |
| 9:07 | Construir | Farm |
| 9:17 | Construir | House |
| 9:37 | Crear | Villager (Male) |
| 10:16 | Construir | House |
| 10:23 | Construir | Palisade Wall |
| 10:32 | Crear | Villager (Male) |
| 10:37 | Edad | Edad Feudal |
| 10:42 | Investigar | Double-Bit Axe |
| 10:44 | Investigar | Horse Collar |
| 10:46 | Crear | Spearman |
| 10:49 | Construir | Farm |
| 10:49 | Construir | Farm |
| 10:56 | Construir | Farm |
| 10:59 | Construir | Palisade Wall |
| 11:01 | Construir | Palisade Wall |
| 11:03 | Construir | Palisade Wall |
| 11:12 | Crear | Villager (Male) |
| 11:40 | Crear | Spearman |
| 11:48 | Crear | Villager (Male) |
| 11:49 | Crear | Spearman |
| 11:52 | Construir | Farm |
| 11:52 | Construir | Farm |
| 11:55 | Construir | Farm |
| 11:58 | Crear | Villager (Male) |
| 12:05 | Construir | Mining Camp |
| 12:17 | Construir | Palisade Wall |
| 12:19 | Construir | Palisade Wall |
| 12:19 | Construir | Palisade Wall |
| 12:20 | Construir | Palisade Wall |
| 12:22 | Construir | Palisade Wall |
| 12:22 | Crear | Villager (Male) |
| 12:28 | Construir | Palisade Wall |
| 12:29 | Construir | Palisade Wall |
| 12:30 | Construir | Palisade Wall |
| 12:30 | Construir | Palisade Wall |
| 12:31 | Construir | Palisade Wall |
| 12:44 | Construir | Farm |
| 12:55 | Construir | House |
| 12:57 | Crear | Villager (Male) |
| 13:02 | Construir | Farm |
| 13:11 | Construir | Palisade Wall |
| 13:12 | Construir | Palisade Wall |
| 13:13 | Construir | Palisade Wall |
| 13:13 | Construir | Palisade Wall |
| 13:15 | Crear | Villager (Male) |
| 13:31 | Construir | Archery Range |
| 13:40 | Crear | Villager (Male) |
| 13:40 | Crear | Villager (Male) |
| 13:45 | Construir | Palisade Wall |
| 13:48 | Construir | Palisade Wall |
| 13:49 | Construir | Palisade Wall |
| 13:56 | Crear | Villager (Male) |
| 14:01 | Construir | Farm |
| 14:03 | Construir | Farm |
| 14:21 | Crear | Archer |
| 14:40 | Construir | House |
| 14:42 | Construir | House |
| 14:47 | Construir | Palisade Gate |
| 14:52 | Crear | Villager (Male) |
| 14:55 | Construir | House |
| 14:58 | Crear | Archer |
| 14:59 | Crear | Spearman |
| 15:03 | Crear | Villager (Male) |
| 15:03 | Crear | Archer |
| 15:15 | Construir | House |
| 15:18 | Crear | Archer |
| 15:26 | Construir | Farm |
| 15:49 | Construir | Farm |
| 15:51 | Crear | Archer |
| 15:51 | Crear | Villager (Male) |
| 16:07 | Construir | Blacksmith |
| 16:24 | Crear | Villager (Male) |
| 16:30 | Crear | Villager (Male) |
| 16:34 | Construir | House |
| 16:35 | Crear | Archer |
| 16:39 | Construir | Palisade Wall |
| 16:49 | Construir | House |
| 16:51 | Crear | Villager (Male) |
| 16:53 | Crear | Archer |
| 16:55 | Investigar | Fletching |
| 17:13 | Crear | Villager (Male) |
| 17:19 | Construir | Farm |
| 17:22 | Construir | House |
| 17:29 | Crear | Archer |
| 17:30 | Crear | Villager (Male) |
| 17:38 | Crear | Skirmisher |
| 18:06 | Crear | Archer |
| 18:11 | Construir | Farm |
| 18:19 | Investigar | Castle Age |
| 18:23 | Crear | Skirmisher |
| 18:38 | Crear | Villager (Male) |
| 18:42 | Construir | House |
| 18:55 | Construir | Farm |
| 18:57 | Investigar | Gold Mining |
| 18:59 | Construir | Stable |
| 19:03 | Construir | Farm |
| 19:04 | Crear | Villager (Male) |
| 19:19 | Investigar | Scale Barding Armor |
| 19:23 | Crear | Archer |
| 19:33 | Construir | House |
| 19:43 | Crear | Villager (Male) |
| 19:55 | Investigar | Bloodlines |
| 20:08 | Crear | Villager (Male) |
| 20:30 | Crear | Archer |
| 20:36 | Crear | Villager (Male) |
| 21:12 | Edad | Edad de los Castillos |
| 21:14 | Investigar | Bow Saw |
| 21:15 | Crear | Knight |
| 21:18 | Investigar | Crossbowman (upgrade) |
| 21:27 | Crear | Villager (Male) |
| 21:31 | Construir | Town Center |
| 21:39 | Crear | Knight |
Cronología de la partida
| 4:47 | washed_king · first_building Barracks |
| 8:19 | SnowyP · first_building Barracks |
| 8:59 | washed_king · wall_segment Palisade Wall x1 |
| 9:19 | SnowyP · age_up feudal |
| 9:20 | SnowyP · first_building Stable |
| 10:23 | washed_king · wall_segment Palisade Wall x2 |
| 10:37 | washed_king · age_up feudal |
| 10:59 | washed_king · wall_segment Palisade Wall x1 |
| 11:01 | washed_king · wall_segment Palisade Wall x8 |
| 11:03 | SnowyP · wall_segment Palisade Wall x10 |
| 11:03 | washed_king · wall_segment Palisade Wall x13 |
| 11:19 | SnowyP · wall_segment Palisade Wall x1 |
| 12:17 | washed_king · wall_segment Palisade Wall x1 |
| 12:19 | washed_king · wall_segment Palisade Wall x1 |
| 12:19 | washed_king · wall_segment Palisade Wall x1 |
| 12:20 | washed_king · wall_segment Palisade Wall x1 |
| 12:22 | washed_king · wall_segment Palisade Wall x1 |
| 12:25 | SnowyP · wall_segment Palisade Wall x23 |
| 12:28 | washed_king · wall_segment Palisade Wall x1 |
| 12:29 | washed_king · wall_segment Palisade Wall x1 |
| 12:30 | washed_king · wall_segment Palisade Wall x1 |
| 12:30 | washed_king · wall_segment Palisade Wall x1 |
| 12:31 | washed_king · wall_segment Palisade Wall x1 |
| 12:47 | SnowyP · wall_segment Palisade Wall x4 |
| 12:48 | SnowyP · wall_segment Palisade Wall x10 |
| 13:03 | SnowyP · first_building Archery Range |
| 13:11 | washed_king · wall_segment Palisade Wall x1 |
| 13:12 | washed_king · wall_segment Palisade Wall x1 |
| 13:13 | washed_king · wall_segment Palisade Wall x1 |
| 13:13 | washed_king · wall_segment Palisade Wall x1 |
| 13:23 | SnowyP · wall_segment Palisade Wall x7 |
| 13:30 | SnowyP · wall_segment Palisade Wall x20 |
| 13:31 | washed_king · first_building Archery Range |
| 13:45 | washed_king · wall_segment Palisade Wall x1 |
| 13:48 | washed_king · wall_segment Palisade Wall x8 |
| 13:49 | washed_king · wall_segment Palisade Wall x1 |
| 16:39 | washed_king · wall_segment Palisade Wall x1 |
| 18:59 | washed_king · first_building Stable |
| 21:12 | washed_king · age_up castle |
| 21:51 | SnowyP · age_up castle |
| 24:52 | SnowyP · first_building Monastery |
| 27:46 | washed_king · first_market_buy 100 food |
| 28:18 | washed_king · first_building Monastery |
| 31:24 | SnowyP · first_building Castle |
| 32:46 | washed_king · first_building Castle |
| 33:05 | SnowyP · first_market_sell 100 food |
| 33:31 | washed_king · first_market_sell 100 wood |
| 34:04 | washed_king · first_building Siege Workshop |
| 34:27 | washed_king · wall_segment Stone Wall x5 |
| 36:15 | SnowyP · age_up imperial |
| 36:37 | washed_king · age_up imperial |
| 39:04 | SnowyP · first_market_buy 100 wood |
| 53:10 | washed_king · wall_segment Palisade Wall x1 |
| 53:10 | washed_king · wall_segment Palisade Wall x1 |
| 66:03 | washed_king · resign |
[ ANÁLISIS IA · 1 CRÉDITO ]
¿Qué pasó realmente en esta partida?
Wolo.gg analiza cada decisión: build order, eco, micro, errores típicos por bracket. Análisis personalizado por WhatsApp o Discord en 30 segundos.
Guía civ
Magiares
Perfil
SnowyP